Map: King's Cove LE

Players

Haspe

  • Race: Zerg Zerg
  • League: Master
  • Spawn Location: 11:00

Mez - Winner!

  • Race: Terran Terran
  • League: Master
  • Spawn Location: 5:00

VOD

Have the link to the VOD?

Description

Time

  • Played on: Aug. 12, 2019, 11:53 a.m.
  • Length: 7:26
Show
View Real Time Build Order
Export as new Build Order

Haspe Zerg 

Build Orders: Hatch First 

Get SALT Encoding   

  12  0:00  Drone  
  13  0:13  Overlord  
  13  0:21  Drone  
  14  0:31  Drone  
  14  0:32  Drone  
  16  0:38  Drone  
  17  0:55  Hatchery  
  16  1:00  Drone, Extractor  
  16  1:04  Drone  
  17  1:18  Spawning Pool  
  17  1:23  Drone  
  17  1:28  Drone  
  18  1:35  Drone  
  19  1:40  Overlord  
  19  1:50  Drone  
  20  2:01  Drone  
  20  2:07  Queen  
  20  2:08  Queen  
  23  2:13  Metabolic Boost  
  25  2:17  Zergling x2  
  25  2:20  Zergling x2  
  25  2:22  Zergling x2  
  28  2:30  Extractor  
  28  2:33  Spore Crawler  
  28  2:37  Spore Crawler  
  25  2:40  Drone x2  
  29  2:53  Queen  
  32  2:58  Drone  
  32  3:02  Queen  
  32  3:04  Overlord  
  35  3:12  Drone  
  35  3:13  Drone  
  36  3:29  Drone x5  
  36  3:30  Drone, Hatchery  
  41  3:43  Drone x2  
  41  3:44  Drone  
  44  4:01  Overlord x2  
  44  4:03  Extractor  
  44  4:04  Extractor  
  42  4:16  Drone  
  43  4:17  Drone  
  43  4:18  Drone, Hatchery  
  43  4:19  Drone x3  
  43  4:23  Drone  
  43  4:24  Drone x3  
  50  4:27  Drone  
  52  4:36  Zergling x2  
  52  4:37  Zergling x2  
  54  4:46  Zergling x6  
  54  4:47  Zergling x6  
  60  4:55  Drone, Spore Crawler  
  60  4:57  Spore Crawler  
  55  5:15  Baneling Nest  
  55  5:16  Drone  
  55  5:17  Evolution Chamber, Drone x2  
  55  5:18  Evolution Chamber  
  49  5:33  Drone  
  49  5:34  Drone x4  
  53  5:56  Lair  
  53  5:57  Drone x2  
  55  5:58  Drone x3  
  55  5:59  Drone x7  
  63  6:17  Zergling x6  
  63  6:18  Zergling x6  
  68  6:32  Drone  
  68  6:33  Drone x3  
  68  6:38  Extractor  
  68  6:39  Drone x2, Extractor  
  71  6:41  Overlord x2  
  71  6:43  Overlord x2  
  71  6:55  Overlord x3  
  71  7:00  Hatchery  
  70  7:11  Hydralisk Den  
  70  7:12  Drone x2  
  70  7:13  Drone x4  
  70  7:14  Drone x2  
Show
View Real Time Build Order
Export as new Build Order

Mez Terran - Winner!

Build Orders: Liberator Opening, Reaper Expand 

Get SALT Encoding   

  12  0:00  SCV  
  13  0:13  SCV  
  14  0:18  Supply Depot  
  14  0:25  SCV  
  15  0:39  SCV  
  15  0:41  Barracks  
  16  0:47  Refinery  
  16  0:51  SCV  
  17  1:04  SCV  
  18  1:16  SCV  
  19  1:30  Reaper, Orbital Command  
  20  1:43  Command Center  
  20  1:51  Supply Depot  
  20  1:56  SCV  
  21  2:02  Marine  
  22  2:14  Factory  
  22  2:17  SCV  
  22  2:19  Refinery  
  23  2:24  Barracks Reactor  
  23  2:29  SCV  
  24  2:44  SCV  
  25  2:56  SCV  
  26  3:01  Starport  
  26  3:07  Hellion x2  
  26  3:08  Orbital Command  
  26  3:11  Barracks Tech Lab  
  30  3:15  Supply Depot  
  30  3:17  SCV  
  31  3:28  Hellion x2  
  31  3:29  SCV  
  36  3:36  SCV  
  36  3:38  Liberator  
  37  3:41  SCV  
  37  3:46  Supply Depot  
  38  3:48  SCV  
  38  3:53  SCV  
  43  3:58  Hellion  
  44  4:07  SCV x2  
  46  4:23  Command Center  
  46  4:24  SCV x2  
  48  4:30  Supply Depot  
  48  4:36  SCV x2  
  50  4:43  Starport Reactor, Factory Reactor  
  50  4:44  Stimpack, Barracks  
  50  4:47  Barracks  
  50  4:48  SCV, Marine  
  52  5:04  SCV x2  
  52  5:06  Marine  
  55  5:16  SCV  
  55  5:17  Engineering Bay  
  55  5:18  Engineering Bay, Refinery  
  55  5:19  Refinery  
  55  5:20  SCV  
  57  5:24  Marine  
  58  5:28  SCV  
  60  5:40  Factory Reactor  
  60  5:41  Marine  
  60  5:42  Marine x4  
  60  5:43  Barracks  
  60  5:44  Barracks  
  61  5:56  SCV x2  
  63  5:58  Orbital Command  
  63  5:59  Marine  
  63  6:15  Marine x4  
  63  6:16  Medivac x2  
  63  6:17  Marine  
  63  6:18  SCV x2  
  72  6:23  Widow Mine x2  
  72  6:25  Orbital Command  
  76  6:30  SCV  
  77  6:33  Barracks Reactor x2  
  77  6:37  Marine x4  
  81  6:44  Marine  
  81  6:46  Widow Mine  
  84  6:51  SCV  
  85  6:58  Supply Depot  
  85  6:59  Supply Depot  
  85  7:06  Supply Depot  
  85  7:09  Armory  
Tags
 
Add a new tag
Caveats
  • Supply blocks, unpowered buildings, or Contaminate may cause inaccurate times.
  • Supply counts are checked every 10 seconds.